 Dungeon Crawl Stone Soup version 0.29.1-15-g9cfb28693d (webtiles) character file.

Game seed: 3517716411014618073

6034 Eitelfritz the Cleaver (level 10, -16/132 HPs)
             Began as a Hill Orc Fighter on Apr 15, 2023.
             Was a Believer of Makhleb.
             Demolished by Urug
             ... wielding a +4 double sword
              (23 damage)
             ... on level 10 of the Dungeon.
             The game lasted 00:20:16 (8717 turns).

Eitelfritz the Cleaver (Hill Orc Fighter)           Turns: 8717, Time: 00:20:17

Health: -16/132    AC: 16    Str: 29    XL:     10   Next: 86%
Magic:  14/14      EV:  9    Int:  8    God:    Makhleb [**....]
Gold:   388        SH:  5    Dex: 10    Spells: 9/9 levels left

rFire   . . .      SeeInvis .   a - +0 broad axe (spect)
rCold   + . .      Faith    .   c - +0 buckler
rNeg    . . .      Spirit   .   x - +0 chain mail {Will+}
rPois   .          Reflect  .   p - +0 helmet
rElec   .          Harm     .   (no cloak)
rCorr   +          Rampage  .   y - -1 pair of gloves of the Ditch-Digger {rC+ rCorr Str+5}
Will    +....                   h - +2 pair of boots {Fly}
Stlth   ..........              (no amulet)
HPRegen 0.32/turn               (no ring)
MPRegen 0.14/turn               (no ring)

@: berserking, flying, very quick
A: no striking features
a: Renounce Religion, Minor Destruction


You were on level 10 of the Dungeon.
You worshipped Makhleb.
Makhleb was pleased with you.
You visited 2 branches of the dungeon, and saw 11 of its levels.

You collected 1088 gold pieces.
You spent 700 gold pieces at shops.

Inventory:

Hand Weapons
 a - a +0 spectral broad axe (weapon)
 b - a +0 sling
 w - a +4 war axe
 B - a +0 flail
Missiles
 r - 39 poisoned darts (quivered)
 t - 6 atropa-tipped darts
Armour
 c - a +0 buckler (worn)
 h - a +2 pair of boots of flying (worn)
 p - a +0 helmet (worn)
 x - a +0 chain mail of willpower (worn)
 y - the -1 pair of gloves of the Ditch-Digger (worn) {rC+ rCorr Str+5}
   (You found it on level 9 of the Dungeon)

   Str:       It affects your strength (+5).
   rC:        It protects you from cold.
   rCorr:     It protects you from acid and corrosion.
 D - a +2 plate armour of cold resistance
 E - the +18 shield of the Gong {rElec rN+ Will+ EV-5}
   (You found it on level 8 of the Dungeon)

   It is deafeningly noisy when blocking attacks.
   EV:        It affects your evasion (-5).
   rElec:     It insulates you from electricity.
   rN:        It protects you from negative energy.
   Will:      It increases your willpower.
Jewellery
 e - a ring of fire
 j - a ring of flight
 A - a ring of poison resistance
 C - an amulet of guardian spirit
Wands
 n - a wand of flame (18)
 v - a wand of paralysis (7)
 z - a wand of iceblast (8)
Scrolls
 f - 3 scrolls of identify
 s - 3 scrolls of teleportation
 I - a scroll of amnesia
Potions
 d - 4 potions of might
 g - 5 potions of flight
 k - 10 potions of curing
 l - 2 potions of haste
 m - 2 potions of brilliance
 o - 2 potions of resistance
 q - 3 potions of cancellation
 u - a potion of lignification
 F - a potion of mutation
 H - a potion of invisibility


   Skills:
 + Level 8.1 Fighting
 + Level 14.0 Axes
 + Level 1.0 Throwing
 + Level 8.1 Armour
 + Level 2.4 Dodging
 + Level 1.6 Stealth
 + Level 5.6 Shields
 * Level 6.2 Invocations


You had 9 spell levels left.
You didn't know any spells.
Your spell library contained the following spells:

 Spells                   Type           Power      Damage    Failure   Level
 Blink                    Tloc           0%         N/A       98%         2
 Dazzling Flash           Conj/Hex       0%         N/A       100%        3
 Ignite Poison            Fire/Tmut/Pois 0%         N/A       100%        3
 Inner Flame              Hex/Fire       0%         N/A       100%        3
 Lesser Beckoning         Tloc           0%         N/A       100%        3
 Mephitic Cloud           Conj/Pois/Air  0%         N/A       100%        3
 Cause Fear               Hex            0%         N/A       100%        4
 Agony                    Necr           0%         N/A       100%        5
 Fireball                 Conj/Fire      0%         3d3       100%        5
 Freezing Cloud           Conj/Ice/Air   0%         6-21      100%        5
 Iskenderun's Battlesphe  Conj           0%         2d6       100%        5
 Manifold Assault         Tloc           0%         N/A       100%        5
 Silence                  Hex/Air        0%         N/A       100%        5
 Conjure Ball Lightning   Conj/Air       0%         3x3d6     100%        6
 Orb of Destruction       Conj           0%         9d5       100%        7
 Discord                  Hex            0%         N/A       100%        8


Dungeon Overview and Level Annotations

Branches:
Dungeon (10/15)            Temple (1/1) D:7            Lair (0/5) D:9
    Orc: D:9-12

Altars:
Ashenzari
Cheibriados
Dithmenos
Elyvilon
Fedhas
Gozag
Kikubaaqudgha
Makhleb
Nemelex Xobeh
Okawaru
Qazlal
Ru
Sif Muna
Trog
Uskayaw
Vehumet
Wu Jian
Yredelemnul
Zin
The Shining One

Shops:
D:6 !   D:9 !

Annotations:
D:10 Urug


Message History

There is a stone staircase leading up here.
Found a stone staircase leading up.
Urug drinks a potion.
Urug flickers and vanishes!
Deactivating autopickup; reactivate with Ctrl-A.
Found 10 gold pieces.
You barely miss something.
Your +0 spectral broad axe hits something.
You completely miss something.
Your +0 spectral broad axe hits something.
Something hits you!!
You hit something.
Your +0 spectral broad axe closely misses something.
Something hits you!!
You barely miss something.
Your +0 spectral broad axe hits something.
Something hits you!!
* * * LOW HITPOINT WARNING * * *
You miss something.
Your +0 spectral broad axe hits something.
Something hits you.
* * * LOW HITPOINT WARNING * * *
You hit something but do no damage.
Your +0 spectral broad axe misses something.
Something hits you!
* * * LOW HITPOINT WARNING * * *
Unknown command.
You feel much better. Something hits you!!
* * * LOW HITPOINT WARNING * * *
You feel much better. Something hits you.
You hit something.
Your +0 spectral broad axe hits something!!
Something hits you!!
* * * LOW HITPOINT WARNING * * *
You barely miss something.
Your +0 spectral broad axe hits something!
Something hits you.
* * * LOW HITPOINT WARNING * * *
A red film seems to cover your vision as you go berserk!
You feel yourself moving faster!
You feel mighty! Something hits you!!
You die...

#.#########
#........#
#....<#.#
##.##.#.#
#$#.#.#
#..@ยง#
#...{.#
#.......#
##.....##
#.....#
#.#<#.#
#.###.# #.
.#


There were no monsters in sight!

Vanquished Creatures
  2 vault sentinels (D:8)
  A komodo dragon (D:9)
  A hornet (D:7)
  4 yaks (D:9)
  2 wyverns
  A steam dragon (D:7)
  2 acid dragons (D:9)
  A water moccasin (D:8)
  4 orc warriors
  An ice beast (D:7)
  4 black bears
  2 centaurs
  A phantom (D:4)
  2 kobold brigands
  9 bullfrogs
  A necrophage (D:5)
  A gnoll sergeant (D:9)
  11 wights (D:9)
  3 howler monkeys (D:8)
  2 gnoll boudas (D:7)
  2 hounds
  8 iguanas
  5 jellies
  Jessica (D:2)
  9 orc wizards
  Robin (D:2)
  15 gnolls
  2 adders
  3 ufetubi
  3 worms
  3 dart slugs
  24 orcs
  5 ball pythons
  8 endoplasms
  2 giant cockroaches (D:2)
  15 goblins
  5 hobgoblins
  2 jackals (D:1)
  4 quokkas
  7 bats
  9 frilled lizards
  10 kobolds
  3 rats
201 creatures vanquished.

Vanquished Creatures (others)
  11 fungi (D:9)
  14 plants (D:9)
25 creatures vanquished.

Grand Total: 226 creatures vanquished

Notes
Turn   | Place    | Note
-------+----------+-------------------------------------------
     0 | D:1      | Eitelfritz the Hill Orc Fighter began the quest for the
                  | Orb.
     0 | D:1      | Reached XP level 1. HP: 19/19 MP: 1/1
   134 | D:1      | Reached XP level 2. HP: 27/27 MP: 2/2
   175 | D:1      | Found a faded altar of an unknown god.
   178 | D:1      | Reached skill level 3 in Axes
   346 | D:1      | Reached XP level 3. HP: 31/33 MP: 3/3
   611 | D:1      | Reached skill level 4 in Axes
  1116 | D:2      | Reached XP level 4. HP: 40/40 MP: 4/4
  1379 | D:2      | Noticed Jessica
  1381 | D:2      | Noticed Robin
  1411 | D:2      | Killed Robin
  1412 | D:2      | Killed Jessica
  1413 | D:2      | Reached XP level 5. HP: 31/47 MP: 5/5
  1616 | D:2      | Reached skill level 5 in Axes
  2194 | D:3      | Reached skill level 1 in Dodging
  2276 | D:3      | Found a blossoming altar of Fedhas.
  2278 | D:3      | Found a white marble altar of Elyvilon.
  2278 | D:3      | Found a broken altar of Ashenzari.
  2546 | D:3      | Reached XP level 6. HP: 53/53 MP: 6/6
  2642 | D:3      | Found an ancient bone altar of Kikubaaqudgha.
  2822 | D:4      | Found a glowing silver altar of Zin.
  2823 | D:4      | Found a sacrificial altar of Ru.
  2824 | D:4      | Found a snail-covered altar of Cheibriados.
  2826 | D:4      | Found a burning altar of Makhleb.
  2826 | D:4      | Found an ornate altar of the Wu Jian Council.
  2826 | D:4      | Found a stormy altar of Qazlal.
  2827 | D:4      | Found a bloodstained altar of Trog.
  2829 | D:4      | Noticed a black bear
  2837 | D:4      | Killed a black bear
  2838 | D:4      | Reached skill level 6 in Axes
  3151 | D:4      | Reached skill level 5 in Fighting
  3225 | D:4      | Reached XP level 7. HP: 61/61 MP: 7/7
  3449 | D:4      | Reached skill level 7 in Axes
  3761 | D:5      | Entered Level 5 of the Dungeon
  4014 | D:5      | Reached skill level 1 in Throwing
  4265 | D:5      | Reached skill level 8 in Axes
  4439 | D:6      | Found Tyode's Distillery.
  4447 | D:6      | Bought a potion of might for 40 gold pieces
  4447 | D:6      | Bought a potion of heal wounds for 50 gold pieces
  4447 | D:6      | Bought a potion of curing for 30 gold pieces
  4447 | D:6      | Bought a potion of haste for 100 gold pieces
  4447 | D:6      | Bought a potion of heal wounds for 50 gold pieces
  4675 | D:6      | Noticed a wyvern
  4680 | D:6      | Killed a wyvern
  4681 | D:6      | Reached skill level 5 in Armour
  4681 | D:6      | Reached XP level 8. HP: 58/70 MP: 8/8
  4931 | D:6      | Reached skill level 9 in Axes
  5066 | D:6      | Identified a scroll of acquirement
  5066 | D:6      | Acquired 537 gold pieces
  5172 | D:6      | Bought a potion of resistance for 100 gold pieces
  5341 | D:7      | Reached skill level 10 in Axes
  5348 | D:7      | Identified the +0 ring mail of Gehenna {rC++ Str+5 Stlth-}
  5365 | D:7      | Reached XP level 9. HP: 33/77 MP: 9/9
  5688 | D:7      | Noticed a hornet
  5693 | D:7      | Killed a hornet
  5694 | D:7      | Reached skill level 11 in Axes
  5694 | D:7      | Reached skill level 5 in Shields
  5890 | D:7      | Found a staircase to the Ecumenical Temple.
  5896 | Temple   | Entered the Ecumenical Temple
  6240 | D:4      | Became a worshipper of Makhleb the Destroyer
  6373 | D:8      | Noticed a vault sentinel
  6373 | D:8      | Noticed a vault sentinel
  6381 | D:8      | Reached skill level 1 in Invocations
  6389 | D:8      | Killed a vault sentinel
  6394 | D:8      | Killed a vault sentinel
  6395 | D:8      | Reached skill level 12 in Axes
  6655 | D:8      | Reached * piety under Makhleb
  6821 | D:8      | Found a glowing golden altar of the Shining One.
  6848 | D:8      | Reached XP level 10. HP: 83/86 MP: 11/13
  6916 | D:8      | Found a shadowy altar of Dithmenos.
  7441 | D:8      | Found the +18 shield of the Gong {rElec rN+ Will+ EV-5}
  7605 | D:9      | Reached skill level 1 in Stealth
  7612 | D:9      | Reached skill level 13 in Axes
  7616 | D:9      | Identified the -1 pair of gloves of the Ditch-Digger {rC+
                  | rCorr Str+5}
  7672 | D:9      | Reached skill level 5 in Invocations
  8305 | D:9      | Reached ** piety under Makhleb
  8401 | D:9      | Found a staircase to the Lair.
  8474 | D:9      | Found Qimunagome's Distillery.
  8490 | D:9      | Reached skill level 14 in Axes
  8497 | D:9      | Bought a potion of berserk rage for 75 gold pieces
  8497 | D:9      | Bought a potion of curing for 45 gold pieces
  8497 | D:9      | Bought a potion of curing for 45 gold pieces
  8497 | D:9      | Bought a potion of invisibility for 120 gold pieces
  8497 | D:9      | Bought a potion of curing for 45 gold pieces
  8703 | D:10     | Entered Level 10 of the Dungeon
  8703 | D:10     | Noticed Urug
  8717 | D:10     | Demolished by Urug

Illustrated notes

Levels and vault maps discovered:
D:1:      scummos_arrival_gate, layout_basic,
          hellmonk_ecumenical_altar_pennies_from_heaven
D:2:      layout_loops_ring, chequers_serial_rivers_small_b, uniq_robin,
          uniq_jessica
D:3:      layout_basic, chequers_temple_overflow_statue_of_worship,
          mainiacjoe_overflow_alcove_4
D:4:      layout_loops_corners, grunt_temple_overflow_open
D:5:      layout_gridville
D:6:      layout_basic, serial_shops, shop, dreamdust_princess_bridge,
          kennysheep_potato
D:7:      layout_cave_pools, minmay_temple_entry_fiery
D:8:      layout_basic, nicolae_tso_carved_into_rock,
          nicolae_dithmenos_shadow_blocks, hellmonk_guarded_unrand_gong
D:9:      cheibrodos_elevator_heist, layout_stronghold,
          grunt_lair_entry_orc_guard_hut, serial_shops, shop, st_stairs_5,
          minmay_statues_item, minmay_lizard_king
D:10:     layout_loops_ring, regret_index_temple_of_mockery, enter_bailey_5,
          uniq_urug, uniq_sonja, uniq_grum
Temple:   nicolae_temple_superstar

Skill      XL: |  1  2  3  4  5  6  7  8  9 10 |
---------------+-------------------------------+-----
Axes           | 3 4 5 6 8 10 12 14 | 14.0
Fighting       | 4 5 6 7 8 |  8.1
Dodging        | 1 2 |  2.4
Armour         | 4 5 7 8 |  8.1
Shields        | 4 5 |  5.6
Throwing       | 1 |  1.0
Invocations    | 4 6 |  6.2
Stealth        | 1 |  1.6

Action                   |  1- 3 |  4- 6 |  7- 9 | 10-12 || total
-------------------------+-------+-------+-------+-------++-------
Melee: War axe           |    80 |   127 |       |       ||   207
       Broad axe         |       |     1 |   137 |    97 ||   235
 Fire: Sling             |     3 |       |       |       ||     3
Throw: Dart              |       |     5 |       |       ||     5
  Use: Scroll            |       |       |    14 |     3 ||    17
       Potion            |       |       |     1 |     3 ||     4
 Stab: Distracted        |       |       |     1 |     2 ||     3
Armor: Scale mail        |    36 |    59 |       |       ||    95
       Chain mail        |       |    14 |    74 |    47 ||   135
Dodge: Dodged            |    45 |    69 |    47 |    23 ||   184
Block: Buckler           |    22 |    35 |    27 |     9 ||    93
